[Event "ICC tourney 1946 (30 5)"]
[Site "Internet Chess Club"]
[Date "2020.08.01"]
[Round "4"]
[White "NonnaThat"]
[Black "MARMAYOGI11"]
[Result "1/2-1/2"]
[ICCResult "Game drawn by mutual agreement"]
[WhiteElo "1755"]
[BlackElo "1679"]
[Opening "Ruy Lopez: 5.O-O"]
[ECO "C78"]
[NIC "RL.12"]
[Time "16:30:34"]
[TimeControl "1800+5"]

1. e4 e5 2. Nf3 Nc6 3. Bb5 a6 4. Ba4 Nf6 5. O-O b5 6. Bb3 Bc5 7. Re1 d6 8.
h3 Be6 9. c3 Bxb3 10. axb3 Bb6 11. d4 h6 12. d5 Ne7 13. c4 b4 14. Be3 Ng6
15. Bxb6 cxb6 16. Nbd2 Nd7 17. Nf1 Nc5 18. Ng3 Nf4 19. Re3 g6 20. Ne2 Qf6
21. Nxf4 Qxf4 22. Qe1 a5 23. Qxb4 axb4 24. Rxa8+ Ke7 25. Rxh8 Nxe4 26. Rb8
g5 27. Rxb6 h5 28. Rb7+ Kf8 29. Rxb4 Nc5 30. Rb8+ Kg7 31. Nxg5 h4 32. Nf3 e4
33. Nd4 Nd3 34. Re2 Nc1 35. Re1 {Game drawn by mutual agreement} 1/2-1/2

[Event "ICC tourney 1946 (30 5)"]
[Site "Internet Chess Club"]
[Date "2020.08.01"]
[Round "4"]
[White "meghna"]
[Black "albli"]
[Result "1-0"]
[ICCResult "Black resigns"]
[WhiteElo "1782"]
[BlackElo "1473"]
[Opening "Sicilian: Kan, 5.Nc3"]
[ECO "B43"]
[NIC "SI.41"]
[Time "16:30:47"]
[TimeControl "1800+5"]

1. e4 c5 2. Nf3 e6 3. d4 cxd4 4. Nxd4 a6 5. Nc3 b5 6. Be3 Bb7 7. Bd3 Qc7 8.
O-O Nf6 9. a3 d6 10. f3 Nbd7 11. Be2 Be7 12. a4 b4 13. Na2 d5 14. exd5 Nxd5
15. Bf2 O-O 16. Qd2 Bd6 17. h3 Bf4 18. Qd1 Nc5 19. Kh1 Rfd8 20. Bd3 Ne3 21.
Bxe3 Bxe3 22. Ne2 b3 23. Nac1 Nxd3 24. cxd3 Qc2 25. Nxb3 Qxd3 26. Qxd3 Rxd3
27. Na5 Bd5 28. Nc3 Bd2 29. Rfd1 Bxc3 30. Rxd3 Bxa5 31. Rc1 g6 32. Rd4 Rb8
33. Rc2 Rb4 34. Rc8+ Kg7 35. Rd1 Rxb2 36. Rc5 Bb4 37. Rc7 a5 38. Rdc1 Ra2
39. Rd7 Rxa4 40. Rcc7 Ra1+ 41. Kh2 Kh6 42. Kg3 Be1+ 43. Kh2 f5 44. f4 g5 45.
Rxh7+ Kg6 46. Rhg7+ Kh6 47. fxg5+ Kh5 48. Rc8 {Black resigns} 1-0

[Event "ICC tourney 1946 (30 5)"]
[Site "Internet Chess Club"]
[Date "2020.08.01"]
[Round "4"]
[White "chessmaster0981"]
[Black "HenriVZ"]
[Result "1-0"]
[ICCResult "Black checkmated"]
[WhiteElo "1346"]
[BlackElo "1255"]
[Opening "Queen's pawn game"]
[ECO "D04"]
[NIC "QP.08"]
[Time "16:30:53"]
[TimeControl "1800+5"]

1. d4 d5 2. Nf3 Nf6 3. e3 Bf5 4. Bd3 Bxd3 5. cxd3 e6 6. Nc3 c5 7. dxc5 Bxc5
8. O-O O-O 9. b3 Nc6 10. Bb2 a6 11. Qc2 Bd6 12. Rac1 Ne5 13. Qe2 Nxf3+ 14.
Qxf3 Qe7 15. h3 Ba3 16. Bxa3 Qxa3 17. Rc2 Rac8 18. Rfc1 Rc6 19. Qd1 Rfc8 20.
Ne2 h6 21. Qd2 Rxc2 22. Rxc2 Rxc2 23. Qxc2 Kh7 24. d4+ g6 25. Nf4 Qd6 26.
Qc8 Qd7 27. Qxd7 Nxd7 28. Nd3 Kg7 29. Kf1 Kf6 30. Ke1 b6 31. Kd2 e5 32.
dxe5+ Nxe5 33. Nxe5 Kxe5 34. Kd3 g5 35. b4 b5 36. g4 f6 37. f3 Ke6 38. Kd4
Kd6 39. e4 dxe4 40. fxe4 Kc6 41. e5 fxe5+ 42. Kxe5 Kb6 43. Kf6 a5 44. a3
axb4 45. axb4 Kc6 46. Ke6 Kc7 47. Kd5 Kd7 48. Kc5 Ke6 49. Kxb5 Ke5 50. Kc6
Kf4 51. b5 Kg3 52. b6 Kxh3 53. b7 Kxg4 54. b8=Q h5 55. Qh2 h4 56. Kd5 h3 57.
Ke4 Kh4 58. Kf3 g4+ 59. Kf4 Kh5 60. Qg3 Kh6 61. Qxg4 h2 62. Kf5 h1=Q 63.
Qg6# {Black checkmated} 1-0

[Event "ICC tourney 1946 (30 5)"]
[Site "Internet Chess Club"]
[Date "2020.08.01"]
[Round "4"]
[White "Frankiechess11"]
[Black "ryanwang"]
[Result "1-0"]
[ICCResult "Black forfeits on time"]
[WhiteElo "1495"]
[BlackElo "1477"]
[Opening "Sicilian: Pelikan, Chelyabinsk variation"]
[ECO "B33"]
[NIC "SI.37"]
[Time "16:30:38"]
[TimeControl "1800+5"]

1. e4 c5 2. Nf3 Nc6 3. d4 cxd4 4. Nxd4 Nf6 5. Nc3 e5 6. Ndb5 d6 7. Bg5 a6 8.
Na3 b5 9. Nd5 Be7 10. Bxf6 Bxf6 11. Bd3 O-O 12. c3 Bg5 13. O-O Ne7 14. Nxe7+
Qxe7 15. Qe2 Bb7 16. Rfe1 g6 17. Nc2 f5 18. a4 fxe4 19. Bxe4 d5 20. Bf3 e4
21. axb5 axb5 22. Rxa8 Bxa8 23. Bg4 Qf6 24. Ra1 h5 25. Bd7 b4 26. Ra6 Qf4
27. g3 Qc1+ 28. Kg2 Kh7 29. Nd4 Qd2 30. Bf5 Qxe2 31. Bxg6+ Kh6 32. Nxe2 Bf6
33. Nf4 bxc3 34. bxc3 d4 35. cxd4 e3+ 36. Kf1 exf2 37. Bd3
{Black forfeits on time}
1-0

[Event "ICC tourney 1946 (30 5)"]
[Site "Internet Chess Club"]
[Date "2020.08.01"]
[Round "4"]
[White "Atharva10"]
[Black "goodcrowdchess"]
[Result "1-0"]
[ICCResult "Black checkmated"]
[WhiteElo "1588"]
[BlackElo "1393"]
[Opening "Ruy Lopez: closed, Bogolyubov variation"]
[ECO "C91"]
[NIC "RL.20"]
[Time "16:30:37"]
[TimeControl "1800+5"]

1. e4 e5 2. Nf3 Nc6 3. Bb5 a6 4. Ba4 Nf6 5. O-O Be7 6. Re1 b5 7. Bb3 d6 8.
c3 O-O 9. d4 Bg4 10. Qd3 Bxf3 11. gxf3 Nh5 12. Be3 Bg5 13. Bd5 Bxe3 14. fxe3
Qd7 15. Nd2 Rae8 16. Kh1 Ne7 17. Bb3 Kh8 18. Rg1 f5 19. Bc2 f4 20. dxe5 fxe3
21. Qxe3 dxe5 22. Rg4 Ng6 23. Rag1 Rf4 24. Rg5 Rh4 25. Bb3 Nhf4 26. R5g3 Nh5
27. Rg4 Rxg4 28. Rxg4 Nf6 29. Rg1 Rd8 30. Nf1 Qd3 31. Qf2 Rf8 32. Bc2 Qd7
33. Ne3 Ne7 34. Qg2 g6 35. Rd1 Qc6 36. Bb3 Qb6 37. Qg5 Kg7 38. Qxe5 Nc6 39.
Qg5 Nh5 40. Rd7+ Kh8 41. Qh6 Ng3+ 42. hxg3 Rf7 43. Rxf7 Qxe3 44. Rxh7#
{Black checkmated}
1-0

[Event "ICC tourney 1946 (30 5)"]
[Site "Internet Chess Club"]
[Date "2020.08.01"]
[Round "4"]
[White "BreatheChessAls"]
[Black "FL2009"]
[Result "1-0"]
[ICCResult "Black resigns"]
[WhiteElo "1502"]
[BlackElo "1464"]
[Opening "Queen's pawn: London system"]
[ECO "A45"]
[NIC "QP.07"]
[Time "16:31:51"]
[TimeControl "1800+5"]

1. d4 Nf6 2. Bf4 d5 3. e3 e6 4. Nd2 c5 5. c3 Bd6 6. Bg3 O-O 7. Ngf3 b6 8.
Bd3 Ba6 9. Bxa6 Nxa6 10. O-O Nb8 11. Ne5 Qc7 12. f4 Nc6 13. Kh1 Nd7 14. Qg4
Nf6 15. Qe2 Rfe8 16. Rac1 c4 17. b3 b5 18. Ra1 Ne7 19. Bh4 Nd7 20. Bxe7 Bxe7
21. e4 Nxe5 22. fxe5 a6 23. exd5 exd5 24. Qf3 Bg5 25. Rad1 Rad8 26. Qg3 Bxd2
27. Rxd2 Re6 28. Rdf2 Rg6 29. Qf3 f6 30. h3 Qe7 31. Re2 fxe5 32. Rxe5 Re6
33. Rxd5 Rf6 34. Rxd8+ Qxd8 35. Qe2 Rxf1+ 36. Qxf1 cxb3 37. axb3 Qd5 38. b4
Qc6 39. Qf3 Qc4 40. Qa8+ Kf7 41. Qa7+ Kg8 42. Qa8+ Kf7 43. Qf3+ Kg8 44. d5
h6 45. d6 Qe6 46. Qd1 Qd7 47. Qd5+ Kh7 48. Qe5 Qf7 49. Qd4 Qf1+ 50. Kh2 Qf8
51. d7 Qd8 52. Qe4+ g6 53. Qe8 Qc7+ 54. g3 Qb6 55. Qe7+ {Black resigns} 1-0

[Event "ICC tourney 1946 (30 5)"]
[Site "Internet Chess Club"]
[Date "2020.08.01"]
[Round "4"]
[White "OctopusYule"]
[Black "pika0008"]
[Result "1-0"]
[ICCResult "Black resigns"]
[WhiteElo "1390"]
[BlackElo "1333"]
[Opening "Sicilian: Labourdonnais-Löwenthal (Kalashnikov) variation"]
[ECO "B32"]
[NIC "SI.32"]
[Time "16:30:50"]
[TimeControl "1800+5"]

1. e4 c5 2. Nf3 Nc6 3. d4 cxd4 4. Nxd4 e5 5. Nb5 d6 6. N1c3 Be7 7. Nd5 Kf8
8. Nxe7 Qxe7 9. Qxd6 Bg4 10. Qxe7+ Ngxe7 11. f3 Bh5 12. c3 a6 13. Na3 f6 14.
Be3 Rd8 15. Rd1 Rxd1+ 16. Kxd1 Bf7 17. Bc4 b5 18. Bxf7 Kxf7 19. Ke2 Rd8 20.
Rd1 Rxd1 21. Kxd1 Ke6 22. Kd2 g5 23. Nc2 Ng6 24. g3 h5 25. Ne1 Na5 26. b3
Nb7 27. Nd3 Kd6 28. c4 Ne7 29. c5+ Kc7 30. Nb4 a5 31. Nd5+ Nxd5 32. exd5 g4
33. f4 exf4 34. Bxf4+ Kd8 35. c6 Nc5 36. Ke3 a4 37. b4 Na6 38. a3 Nxb4 39.
Kd4 Nc2+ 40. Kc5 b4 41. c7+ Kc8 42. Bd2 bxa3 43. d6 Na1 44. Kc6 {Black
resigns} 1-0

[Event "ICC tourney 1946 (30 5)"]
[Site "Internet Chess Club"]
[Date "2020.08.01"]
[Round "4"]
[White "clair"]
[Black "tricksterssbu"]
[Result "0-1"]
[ICCResult "White checkmated"]
[WhiteElo "1480"]
[BlackElo "1496"]
[Opening "Queen's pawn, Mason variation"]
[ECO "D00"]
[NIC "QP.08"]
[Time "16:30:40"]
[TimeControl "1800+5"]

1. d4 d5 2. Bf4 Nf6 3. e3 e6 4. Nf3 Nbd7 5. Bd3 Be7 6. h3 h6 7. O-O O-O 8.
Ne5 c5 9. c3 b6 10. Nd2 Nxe5 11. dxe5 Nd7 12. Bh2 Bb7 13. f4 f5 14. Nf3 c4
15. Bc2 Nc5 16. Nd4 Qe8 17. b4 Na6 18. Nxe6 Bxb4 19. Nxf8 Bxc3 20. Rc1 Qxf8
21. Bxf5 Qxf5 22. Rxc3 Nb4 23. Qb1 Nd3 24. Rd1 Qe4 25. Rcxd3 d4 26. R3d2
Qxe3+ 27. Rf2 Be4 28. Qc1 Qxc1 29. Rxc1 c3 30. Re2 d3 31. Rxe4 d2 32. Ra1 c2
33. Ree1 dxe1=Q+ 34. Rxe1 Rd8 35. Kf2 Rd1 36. Rxd1 cxd1=Q 37. f5 Qc2+ 38.
Ke3 Qxf5 39. g4 Qe6 40. Bf4 Qxa2 41. Ke4 Qe6 42. Be3 a5 43. g5 hxg5 44. Bxg5
a4 45. Bd8 a3 46. Bxb6 Qxb6 47. Kd5 a2 48. e6 a1=Q 49. e7 Qd1+ 50. Ke5 Qbd6+
51. Kf5 Qh5+ 52. Ke4 Qxe7+ 53. Kf4 Qee5# {White checkmated} 0-1

[Event "ICC tourney 1946 (30 5)"]
[Site "Internet Chess Club"]
[Date "2020.08.01"]
[Round "4"]
[White "playtowin2020"]
[Black "BranKing"]
[Result "1-0"]
[ICCResult "Black forfeits on time"]
[WhiteElo "1362"]
[BlackElo "1473"]
[Opening "Sicilian: Grand Prix attack"]
[ECO "B23"]
[NIC "SI.44"]
[Time "16:30:36"]
[TimeControl "1800+5"]

1. e4 c5 2. Nc3 Nc6 3. f4 g6 4. Nf3 Bg7 5. Bb5 d6 6. O-O Nf6 7. Bxc6+ bxc6
8. d3 O-O 9. Qe1 Rb8 10. Qh4 d5 11. f5 dxe4 12. dxe4 gxf5 13. Bh6 fxe4 14.
Ng5 Qd4+ 15. Kh1 Ng4 16. Nxh7 Nxh6 17. Nxf8 Kxf8 18. Rad1 Ba6 19. Rxd4 cxd4
20. Re1 dxc3 21. bxc3 f5 22. Qf2 Bxc3 23. Rd1 Rb5 24. Qxa7 Ng4 25. h3 e3 26.
hxg4 e2 27. Rg1 fxg4 28. g3 Bb7 29. Kg2 c5+ 30. Kf2 Bf3 31. Rc1 Bd4+ 32. Ke1
{Black forfeits on time}
1-0

[Event "ICC tourney 1946 (30 5)"]
[Site "Internet Chess Club"]
[Date "2020.08.01"]
[Round "4"]
[White "WCCJCB"]
[Black "liguowh"]
[Result "0-1"]
[ICCResult "White checkmated"]
[WhiteElo "1749"]
[BlackElo "1858"]
[Opening "QGD: 4.Nf3"]
[ECO "D37"]
[NIC "QI.01"]
[Time "16:30:33"]
[TimeControl "1800+5"]

1. d4 Nf6 2. c4 e6 3. Nf3 d5 4. Nc3 Nbd7 5. Bf4 c6 6. e3 Be7 7. c5 O-O 8.
Bd3 b6 9. b4 a5 10. a3 Ba6 11. O-O Qc8 12. h3 Bxd3 13. Qxd3 axb4 14. axb4
Qb7 15. Qc2 b5 16. Nd2 Ra6 17. Nb3 Rfa8 18. Rxa6 Rxa6 19. Bh2 Qa8 20. f3 Nf8
21. e4 Ng6 22. Qd2 Bd8 23. e5 Ne8 24. g4 f6 25. f4 f5 26. Qc2 Nf8 27. gxf5
exf5 28. Qxf5 g6 29. Qg4 Ng7 30. f5 gxf5 31. Qg2 Ne6 32. Bf4 Ra3 33. Qb2 Ra7
34. Qf2 Qb7 35. Nc1 Qf7 36. Kh2 Qh5 37. Nd3 Bh4 38. Bg3 Bxg3+ 39. Qxg3 Ra3
40. Nf4 Nxf4 41. Rxf4 Kh8 42. Rh4 Rxc3 43. Qxg7+ Kxg7 44. Rxh5 Kg6 45. Rh4
Rb3 46. e6 Rxb4 47. Kg3 Rb1 48. Rf4 Re1 49. Rf3 Rxe6 50. Ra3 h5 51. Ra6 Re3+
52. Kf4 Re4+ 53. Kg3 f4+ 54. Kh4 Kf5 55. Rxc6 Rxd4 56. Rc8 f3+ 57. Kg3 Ke4
58. c6 Rc4 59. Re8+ Kd3 60. Re5 Kd4 61. Rxh5 Rxc6 62. Kxf3 b4 63. Rh8 b3 64.
Rb8 Kc3 65. h4 b2 66. h5 d4 67. Ke4 d3 68. Kd5 d2 69. Kxc6 d1=Q 70. h6 b1=Q
71. Rb7 Qf3+ 72. Kc5 Qbxb7 73. h7 Qbc6# {White checkmated} 0-1

[Event "ICC tourney 1946 (30 5)"]
[Site "Internet Chess Club"]
[Date "2020.08.01"]
[Round "4"]
[White "mydogeatschess"]
[Black "Taechess"]
[Result "0-1"]
[ICCResult "White resigns"]
[WhiteElo "1518"]
[BlackElo "1933"]
[Opening "French: Winawer (Nimzovich) variation"]
[ECO "C15"]
[NIC "FR.08"]
[Time "16:31:06"]
[TimeControl "1800+5"]

1. e4 e6 2. d4 d5 3. Nc3 Bb4 4. exd5 exd5 5. Bd3 Ne7 6. Nf3 O-O 7. O-O c6 8.
Ne2 Bd6 9. Bf4 Bg4 10. Bxd6 Qxd6 11. Ng3 Ng6 12. h3 Be6 13. Ng5 Nd7 14. Qd2
h6 15. Bxg6 fxg6 16. Nxe6 Qxe6 17. Rae1 Qd6 18. Re3 Rae8 19. Rfe1 Rxe3 20.
Qxe3 Nf6 21. Qe7 Qf4 22. Qe6+ Kh7 23. Qe3 Qh4 24. Qd3 Nh5 25. Nh1 Nf4 26.
Qg3 Qh5 27. Qg4 Qxg4 28. hxg4 Rf7 29. f3 Rc7 30. Nf2 g5 31. g3 Ng6 32. Nd3
b6 33. Kf2 c5 34. dxc5 bxc5 35. Ne5 Nf8 36. c4 dxc4 37. Nxc4 Kg6 38. Re8 Nd7
39. b3 Kf7 40. Nd6+ Kf6 41. Ne4+ Kf7 42. Nd6+ Kf6 43. Ne4+ Kg6 44. Re7 a5
45. Ke3 Rb7 46. Kd3 Rc7 47. Ke3 Rb7 48. Kd3 c4+ 49. Kc3 cxb3 50. axb3 Rc7+
51. Kd4 Rb7 52. Kc3 Ra7 53. Nc5 Rc7 54. Kd4 Nxc5 55. Rxc7 Ne6+ 56. Kc4 Nxc7
57. b4 axb4 58. Kxb4 Nd5+ 59. Kc4 Ne3+ 60. Kd4 Nf1 61. f4 Nxg3 62. fxg5 Kxg5
63. Ke5 Kxg4 {White resigns} 0-1

[Event "ICC tourney 1946 (30 5)"]
[Site "Internet Chess Club"]
[Date "2020.08.01"]
[Round "4"]
[White "tigertiger2019"]
[Black "Telos53"]
[Result "0-1"]
[ICCResult "White resigns"]
[WhiteElo "1288"]
[BlackElo "1395"]
[Opening "Bogo-Indian defense"]
[ECO "E11"]
[NIC "QI.01"]
[Time "16:30:23"]
[TimeControl "1800+5"]

1. d4 Nf6 2. c4 e6 3. Nf3 Bb4+ 4. Bd2 a5 5. Bxb4 axb4 6. e3 O-O 7. Bd3 d6 8.
c5 dxc5 9. dxc5 Qe7 10. Qc2 Nbd7 11. c6 Nc5 12. cxb7 Nxd3+ 13. Qxd3 Bxb7 14.
Nbd2 Rfd8 15. Qc2 Ba6 16. Nc4 Qc5 17. Nfd2 Rxd2 18. Qxd2 Qxc4 19. Rc1 Qe4
20. f3 Qb7 21. Kf2 h6 22. Rc2 Nd5 23. Rhc1 b3 24. axb3 Qxb3 25. e4 Qb6+ 26.
Kg3 Qd6+ 27. Kf2 Nb4 28. Qxd6 cxd6 29. Ke3 Nxc2+ 30. Rxc2 d5 31. Kd4 dxe4
32. Kxe4 Rd8 33. Rf2 Rd5 34. b4 Kf8 35. Ra2 Bd3+ 36. Ke3 Bc4 37. Ra8+ Ke7
38. Ra7+ Kf6 39. Rc7 Bf1 40. Kf2 Bb5 41. Rb7 Bd7 42. Rc7 Ke7 43. Rc4 Kd6 44.
Kg3 Bb5 45. Rg4 Rg5 46. Rxg5 hxg5 47. Kg4 f6 48. h4 gxh4 49. Kxh4 g6 50. g4
Kd5 51. f4 e5 52. g5 f5 53. fxe5 Kxe5 54. Kg3 Ke4 55. Kf2 Kf4 56. Ke1 Ke3
57. Kd1 f4 58. Ke1 f3 59. Kd1 f2 {White resigns} 0-1

[Event "ICC tourney 1946 (30 5)"]
[Site "Internet Chess Club"]
[Date "2020.08.01"]
[Round "4"]
[White "saiabhi29"]
[Black "chessw23"]
[Result "1/2-1/2"]
[ICCResult "Game drawn by mutual agreement"]
[WhiteElo "1668"]
[BlackElo "1599"]
[Opening "Queen's pawn, Mason variation"]
[ECO "D00"]
[NIC "QP.08"]
[Time "16:30:33"]
[TimeControl "1800+5"]

1. d4 d5 2. Bf4 Nf6 3. e3 e6 4. Nd2 Be7 5. Ngf3 O-O 6. Bd3 Nbd7 7. c3 b6 8.
Qe2 c5 9. O-O c4 10. Bc2 Bb7 11. h3 b5 12. e4 Nxe4 13. Nxe4 dxe4 14. Bxe4
Bxe4 15. Qxe4 Nf6 16. Qc6 Qd5 17. Qc7 Nd7 18. Ne5 Nxe5 19. Bxe5 Rfe8 20. Bg3
a5 21. Rfe1 Bf6 22. Be5 Rec8 23. Qb6 Be7 24. Bf4 Bd8 25. Qd6 Bc7 26. Qxd5
exd5 27. Bxc7 Rxc7 28. Re5 Rd7 29. Rae1 Kf8 30. Rh5 h6 31. Kf1 b4 32. Rhe5
bxc3 33. bxc3 Rb8 34. g4 f6 35. Re6 Rb2 36. R6e2 Rdb7 37. Rxb2 Rxb2 38. Re2
Rb1+ 39. Kg2 Rc1 40. Rb2 Rxc3 41. Rb5 Ra3 42. Rxd5 Rxa2 43. Rc5 Ra4 44. Kf3
Ra3+ 45. Kf4 c3 46. Ke4 Ke7 47. h4 Kd6 48. f4 a4 49. Kd3 Rb3 50. Kc2 Rb6 51.
Ra5 Rc6 52. Rxa4 Kd5 53. Ra7 g5 54. fxg5 fxg5 55. Ra5+ Kxd4 56. hxg5 hxg5
57. Rxg5 Rf6 58. Rg8 Rf2+ 59. Kc1 Rg2 60. Rd8+ Ke5 61. Rc8
{Game drawn by mutual agreement}
1/2-1/2

[Event "ICC tourney 1946 (30 5)"]
[Site "Internet Chess Club"]
[Date "2020.08.01"]
[Round "4"]
[White "KnightRyder3"]
[Black "Viking21"]
[Result "0-1"]
[ICCResult "White checkmated"]
[WhiteElo "1393"]
[BlackElo "1647"]
[Opening "Alekhine's defense: exchange variation"]
[ECO "B02"]
[NIC "AL.08"]
[Time "16:30:38"]
[TimeControl "1800+5"]

1. e4 Nf6 2. e5 Nd5 3. c4 Nb6 4. d4 d6 5. exd6 exd6 6. Nf3 Be7 7. Be2 O-O 8.
O-O Re8 9. Nc3 Be6 10. b3 d5 11. c5 N6d7 12. Bf4 Bf6 13. Rc1 c6 14. Qd2 b6
15. cxb6 axb6 16. Bg5 Bxg5 17. Nxg5 Bf5 18. Nf3 Qf6 19. Rfe1 Be4 20. h3 Qg6
21. Nxe4 dxe4 22. Nh2 Nf6 23. Nf1 Nd5 24. Ne3 Nxe3 25. fxe3 Nd7 26. Rc2 Rad8
27. Qc3 c5 28. dxc5 Nxc5 29. Rd2 h6 30. Red1 Rc8 31. Qb2 Ne6 32. Bc4 Qg3 33.
Re2 Ng5 34. Kh1 Rcd8 35. Rxd8 Rxd8 36. Qc1 Rd6 37. Re1 Nxh3 38. Re2 Nf2+ 39.
Kg1 Rd1+ 40. Qxd1 Nxd1 41. Rd2 Qxe3+ 42. Kh2 Qxd2 43. Kh1 Ne3 44. Kh2 Qxg2#
{White checkmated}
0-1

[Event "ICC tourney 1946 (30 5)"]
[Site "Internet Chess Club"]
[Date "2020.08.01"]
[Round "4"]
[White "NK3"]
[Black "JunlinTheWorld"]
[Result "0-1"]
[ICCResult "White resigns"]
[WhiteElo "1795"]
[BlackElo "1701"]
[Opening "Sicilian: accelerated fianchetto, Maróczy bind, 6.Be3"]
[ECO "B38"]
[NIC "SI.33"]
[Time "16:31:51"]
[TimeControl "1800+5"]

1. e4 c5 2. Nf3 Nc6 3. d4 cxd4 4. Nxd4 g6 5. c4 Bg7 6. Be3 Nf6 7. Nc3 O-O 8.
Be2 d6 9. O-O Bd7 10. Qd2 a6 11. f3 Rc8 12. b3 Re8 13. Rfc1 Qa5 14. a3 Qd8
15. Rc2 Nxd4 16. Bxd4 Rb8 17. a4 a5 18. Ba7 Ra8 19. Qe3 Bc6 20. Bb6 Bh6 21.
Qf2 Qc8 22. Raa2 Nd7 23. Nd5 Qb8 24. Bd4 Bg7 25. Be3 e6 26. Nc3 Qd8 27. Kh1
Qe7 28. Nb5 Bxb5 29. axb5 Nc5 30. Ra3 b6 31. Rca2 Bc3 32. Rc2 Bf6 33. Raa2
Red8 34. Bd1 Rd7 35. Rd2 Kg7 36. Bc2 h5 37. f4 Rh8 38. Bd4 Bxd4 39. Rxd4
Rhd8 40. Ra1 d5 41. exd5 exd5 42. Re1 Qf6 43. g3 dxc4 44. Rxd7 Rxd7 45. bxc4
Qd4 46. Qe2 Rd6 47. Rd1 Qf6 48. Rxd6 Qxd6 49. Kg2 a4 50. Qe5+ Qxe5 51. fxe5
a3 52. Bb1 Na4 53. Ba2 Nc3 54. Bb3 a2 55. Bxa2 Nxa2 56. Kf3 Nc3 57. Ke3 f5
58. Kd4 Na4 59. Kd5 Kf7 60. Kc6 Ke6 61. c5 Nxc5 62. Kxb6 Nd7+ 63. Kc7 g5 64.
b6 Nxb6 65. Kxb6 Kxe5 66. Kc5 f4 67. gxf4+ gxf4 68. Kc4 Ke4 69. Kc3 Ke3
{White resigns}
0-1

[Event "ICC tourney 1946 (30 5)"]
[Site "Internet Chess Club"]
[Date "2020.08.01"]
[Round "4"]
[White "HarleyQueen8"]
[Black "gardemarin13"]
[Result "1-0"]
[ICCResult "Black resigns"]
[WhiteElo "1567"]
[BlackElo "1539"]
[Opening "Nimzo-Indian: classical, Milner-Barry (Zurich) variation"]
[ECO "E33"]
[NIC "NI.24"]
[Time "16:31:51"]
[TimeControl "1800+5"]

1. d4 Nf6 2. c4 e6 3. Nc3 Bb4 4. Qc2 Nc6 5. Nf3 d6 6. a3 Bxc3+ 7. Qxc3 O-O
8. Bg5 h6 9. Bh4 a5 10. e3 Qe7 11. Bd3 e5 12. dxe5 dxe5 13. Bc2 Bg4 14. Nd2
g5 15. Bg3 Nd4 16. Ne4 Nxc2+ 17. Qxc2 Rfd8 18. O-O Nd7 19. Nc3 c6 20. h3 Bh5
21. Qe4 Bg6 22. Qg4 Nc5 23. h4 f5 24. Qh3 g4 25. Qh2 Nd3 26. h5 Bf7 27. Bh4
Qe6 28. Bxd8 Rxd8 29. Qh4 Rd7 30. b3 e4 31. Rad1 Kh7 32. Ne2 c5 33. Nf4 Qe5
34. Nxd3 exd3 35. Qg3 Qe4 36. Qf4 Qxf4 37. exf4 a4 38. bxa4 Bxc4 39. Rd2 Bb3
40. Rc1 Rd5 41. Rc3 c4 42. Kf1 Ra5 43. Rxb3 cxb3 44. Rxd3 b2 45. Rb3 Rxa4
46. Rxb2 Rxa3 47. Rxb7+ Kg8 48. Rb5 Ra2 49. Rxf5 Kg7 50. g3 Rc2 51. Rd5 Rb2
52. Rd7+ Kg8 53. Kg2 Rb5 54. Rd6 Rxh5 55. Rg6+ Kf7 56. Rxg4 Rd5 57. Rh4 Kg7
58. g4 Kg6 59. Rh1 Rd3 60. f3 Rd2+ 61. Kg3 Rc2 62. Re1 Rb2 63. Re6+ Kg7 64.
g5 h5 65. Rh6 Rb1 66. Rxh5 {Black resigns} 1-0

[Event "ICC tourney 1946 (30 5)"]
[Site "Internet Chess Club"]
[Date "2020.08.01"]
[Round "5"]
[White "Joelpaulg"]
[Black "Frankiechess11"]
[Result "0-1"]
[ICCResult "White resigns"]
[WhiteElo "1456"]
[BlackElo "1508"]
[Opening "Ruy Lopez: Archangelsk (counterthrust) variation"]
[ECO "C70"]
[NIC "RL.09"]
[Time "18:01:01"]
[TimeControl "1800+5"]

1. e4 e5 2. Nf3 Nc6 3. Bb5 a6 4. Ba4 b5 5. Bb3 Bb7 6. O-O Nf6 7. Qe2 Bc5 8.
c3 O-O 9. Rd1 Re8 10. a4 h6 11. axb5 axb5 12. Rxa8 Qxa8 13. d4 exd4 14. Qxb5
Qa7 15. e5 Nxe5 16. Nxd4 Neg4 17. h3 Nxf2 18. Kxf2 Ba6 19. Bxf7+ Kxf7 20.
Qb3+ d5 21. Be3 Bc4 22. Qc2 Qa6 23. b3 Bb5 24. Qc1 Ne4+ 25. Kg1 Qg6 26. b4
Bxd4 27. Bxd4 Kg8 28. Re1 Ra8 29. Qf4 Ra2 30. Qg4 Qxg4 31. hxg4 Bc4 32. Kh2
c6 33. Kg1 Kf7 34. Kh2 Kg6 35. Be5 Nf2 36. Bd4 Nxg4+ 37. Kg3 Nf6 38. Re6 Bd3
39. Rxc6 Bxb1 40. Kf4 Rxg2 41. b5 Rb2 42. c4 Rb4 43. Bc3 Rb3 44. Bxf6 gxf6
45. cxd5 Rxb5 46. d6 Bf5 47. Rc7 h5 48. d7 Rd5 {White resigns} 0-1

[Event "ICC tourney 1946 (30 5)"]
[Site "Internet Chess Club"]
[Date "2020.08.01"]
[Round "5"]
[White "HarleyQueen8"]
[Black "saiabhi29"]
[Result "1-0"]
[ICCResult "Black resigns"]
[WhiteElo "1588"]
[BlackElo "1647"]
[Opening "QGD Slav: Dutch variation"]
[ECO "D18"]
[NIC "SL.05"]
[Time "18:01:38"]
[TimeControl "1800+5"]

1. d4 d5 2. c4 c6 3. Nf3 Nf6 4. Nc3 dxc4 5. a4 Bf5 6. e3 e6 7. Bxc4 Bb4 8.
O-O Nbd7 9. Bd2 O-O 10. Ne2 Bxd2 11. Nxd2 Nb6 12. Bb3 Bg6 13. Nf4 Qe7 14.
Nxg6 hxg6 15. Bc2 Rad8 16. Qe2 Nbd5 17. Ne4 Nxe4 18. Bxe4 Qc5 19. dxc5
{Black resigns}
1-0

[Event "ICC tourney 1946 (30 5)"]
[Site "Internet Chess Club"]
[Date "2020.08.01"]
[Round "5"]
[White "Roger436"]
[Black "clair"]
[Result "1-0"]
[ICCResult "Black checkmated"]
[WhiteElo "1342"]
[BlackElo "1457"]
[Opening "Robatsch defense"]
[ECO "B06"]
[NIC "KF.05"]
[Time "18:01:30"]
[TimeControl "1800+5"]

1. e4 g6 2. d4 Bg7 3. Nc3 e6 4. Nf3 Ne7 5. Bf4 d6 6. Bd3 Nd7 7. Qd2 h6 8.
O-O-O a6 9. h4 b5 10. e5 d5 11. h5 g5 12. Bg3 c5 13. Rde1 cxd4 14. Nxd4 Nc5
15. f4 Nxd3+ 16. Qxd3 Bb7 17. f5 Nc6 18. fxe6 Nxd4 19. exf7+ Kxf7 20. Rhf1+
Ke8 21. Qg6+ Kd7 22. Qxg7+ Kc8 23. Rf7 Ne6 24. Qg6 Qe8 25. Ref1 d4 26. R1f6
dxc3 27. Rxe6 cxb2+ 28. Kxb2 Qd8 29. Rc6+ Bxc6 30. Qxc6+ Kb8 31. Qb7#
{Black checkmated}
1-0

[Event "ICC tourney 1946 (30 5)"]
[Site "Internet Chess Club"]
[Date "2020.08.01"]
[Round "5"]
[White "tricksterssbu"]
[Black "FL2009"]
[Result "0-1"]
[ICCResult "White resigns"]
[WhiteElo "1469"]
[BlackElo "1479"]
[Opening "Giuoco Pianissimo: Italian four knights variation"]
[ECO "C50"]
[NIC "IG.02"]
[Time "18:00:54"]
[TimeControl "1800+5"]

1. e4 e5 2. Nf3 Nc6 3. Bc4 Bc5 4. d3 Nf6 5. Nc3 h6 6. O-O O-O 7. Bd2 d6 8.
Na4 Bb6 9. c3 Be6 10. Bxe6 fxe6 11. b4 Ne7 12. Nxb6 axb6 13. Re1 Ng6 14. d4
exd4 15. Nxd4 Qd7 16. Qb3 Rfe8 17. Rad1 Kh8 18. b5 e5 19. Nf3 Qg4 20. Qf7
Re7 21. Qc4 Nh4 22. Nxh4 Qxh4 23. Re3 Ng4 24. Rh3 Qxf2+ 25. Kh1 Qf7 26. Rf1
Qxc4 {White resigns} 0-1